 Dungeon Crawl Stone Soup version 0.30-a0-457-g4b7bca3bfa (webtiles) character file.

Game seed: 18302946294202265589

668512 Bnni the Executioner (level 27, -5/204 (231) HPs)
             Began as a Formicid Fighter on Dec 12, 2022.
             Was the Champion of Okawaru.
             Killed from afar by a Brimstone Fiend (40 damage)
             ... with damnation
             ... on level 6 of Gehenna.
             The game lasted 03:07:03 (59809 turns).

Bnni the Executioner (Formicid Fighter)            Turns: 59809, Time: 03:07:15

HP:   -5/204 (231)  AC: 56    Str: 45      XL:     27
MP:   38/39         EV: 22    Int: 16 (18) God:    Okawaru [******]
Gold: 5464          SH: 36    Dex: 29 (31) Spells: 9/50 levels left

rFire   + + +      SeeInvis +    k - +7 war axe of the Scuffed God {holy, rC+ Str+3 Int-2}
rCold   + + +      Faith    .    h - +7 tower shield of Hett {Int+2}
rNeg    + + .      Spirit   .    C - +13 crystal plate armour
rPois   +          Reflect  .    (helmet unavailable)
rElec   +          Harm     .    X - +2 cloak {rPois}
rCorr   .          Rampage  .    m - +1 pair of gloves "Bivadaiz" {rElec Will- Slay+3}
Will    .....                    g - +0 pair of boots "Woger" {rC+ Str+2}
Stlth   ..........               J - amulet "Haunittu" {*Slow Will- Regen+ Str+3 Dex+10}
HPRegen 1.34/turn                W - ring "Oshurist" {rF+ rN+ Str+4 Dex+4}
MPRegen 0.26/turn                c - ring "Nejorr" {rF++ rC+ rN+ Str+4 Int+6}

@: heroic, studying Axes, heavily drained, unable to read
A: permanent stasis, dig shafts and tunnels, antennae 3, four strong arms,
iridescent scales 1, agile 1, cold resistance 1, mutation resistance 1, shaggy
fur 1
}: 4/15 runes: decaying, serpentine, slimy, abyssal
a: Dig, Shaft Self, Renounce Religion, Heroism, Finesse, Duel


You were on level 6 of Gehenna.
You worshipped Okawaru.
Okawaru was exalted by your worship.
You visited 14 branches of the dungeon, and saw 62 of its levels.
You visited the Abyss 3 times.
You also visited: Sewer.

You collected 8077 gold pieces.
You spent 2613 gold pieces at shops.

Inventory:

Hand Weapons
 e - the +7 battleaxe "Conoih" {flame, rC+}
   (Okawaru gifted it to you on level 4 of the Vaults)

   It burns those it strikes, dealing additional fire damage.
   Big, fiery blades are also staple armaments of hydra-hunters.
   rC:        It protects you from cold.
 k - the +7 war axe of the Scuffed God (weapon) {holy, rC+ Str+3 Int-2}
   (You found it on level 5 of the Pits of Slime)

   It has been blessed by the Shining One to cause great damage to the undead
   and demons.
   Str:       It affects your strength (+3).
   Int:       It affects your intelligence (-2).
   rC:        It protects you from cold.
 n - a +9 vampiric executioner's axe
Missiles
 j - 5 silver boomerangs
 q - 33 javelins
 r - 12 silver javelins
 P - 37 boomerangs (quivered)
 Q - 8 throwing nets
Armour
 g - the +0 pair of boots "Woger" (worn) {rC+ Str+2}
   (Okawaru gifted it to you on level 14 of the Dungeon)

   Str:       It affects your strength (+2).
   rC:        It protects you from cold.
 h - the +7 tower shield of Hett (worn) {Int+2}
   (Okawaru gifted it to you on level 2 of the Depths)

   Int:       It affects your intelligence (+2).
 m - the +1 pair of gloves "Bivadaiz" (worn) {rElec Will- Slay+3}
   (Okawaru gifted it to you on level 1 of the Lair of Beasts)

   Slay:      It affects your accuracy & damage with ranged weapons and melee
   (+3).
   rElec:     It insulates you from electricity.
   Will:      It decreases your willpower.
 C - a +13 crystal plate armour (worn)
 O - a +2 tower shield of reflection
 X - a +2 cloak of poison resistance (worn)
Jewellery
 c - the ring "Nejorr" (right hand) {rF++ rC+ rN+ Str+4 Int+6}
   (You took it off a deep elf sorcerer on level 3 of the Elven Halls)

   [ring of intelligence]

   Str:       It affects your strength (+4).
   Int:       It affects your intelligence (+6).
   rF:        It greatly protects you from fire.
   rC:        It protects you from cold.
   rN:        It protects you from negative energy.
 G - the ring of Abroh {rPois rCorr Str-4 Int+6}
   (You acquired it on level 1 of the Lair of Beasts)

   [ring of intelligence]

   Str:       It affects your strength (-4).
   Int:       It affects your intelligence (+6).
   rPois:     It protects you from poison.
   rCorr:     It protects you from acid and corrosion.
 J - the amulet "Haunittu" (around neck) {*Slow Will- Regen+ Str+3 Dex+10}
   (You found it on level 3 of the Crypt)

   [amulet of regeneration]

   Str:       It affects your strength (+3).
   Dex:       It affects your dexterity (+10).
   Regen:     It increases your rate of health regeneration.
   *Slow:     It may slow you when you take damage.
   Will:      It decreases your willpower.
 N - the ring "Maskorr" {rF+ rC+ MP+9 Str+3}
   (You found it on level 4 of the Depths)

   [ring of protection from fire]

   Str:       It affects your strength (+3).
   rF:        It protects you from fire.
   rC:        It protects you from cold.
   MP:        It affects your magic capacity (+9).
 W - the ring "Oshurist" (left hand) {rF+ rN+ Str+4 Dex+4}
   (You found it on level 3 of the Crypt)

   [ring of positive energy]

   Str:       It affects your strength (+4).
   Dex:       It affects your dexterity (+4).
   rF:        It protects you from fire.
   rN:        It protects you from negative energy.
Wands
 p - a wand of mindburst (22)
 T - a wand of quicksilver (18)
 V - a wand of roots (15)
Scrolls
 f - a scroll of enchant weapon
 s - 10 scrolls of vulnerability
 v - 9 scrolls of immolation
 w - 7 scrolls of poison
 B - 8 scrolls of magic mapping
 E - 11 scrolls of fear
 F - 17 scrolls of fog
 K - 4 scrolls of silence
 L - 8 scrolls of brand weapon
Potions
 b - 9 potions of attraction
 d - 11 potions of might
 i - 8 potions of cancellation
 l - 7 potions of ambrosia
 o - 3 potions of invisibility
 x - 21 potions of heal wounds
 z - 15 potions of flight
 A - 7 potions of magic
 H - 14 potions of curing
 M - 10 potions of resistance
 U - 11 potions of mutation
Miscellaneous
 a - a box of beasts
 t - a tin of tremorstones (2/2)
 Y - a lightning rod (4/4)


   Skills:
 - Level 22.0(27) Fighting
 - Level 24.0(27) Axes
 + Level 21.2(26.2) Throwing
 - Level 22.0(27) Armour
 + Level 9.7(14.7) Dodging
 - Level 22.0(27) Shields
 - Level 12.0 Spellcasting
 - Level 5.0 Hexes
 * Level 13.3 Necromancy
 - Level 12.0 Translocations
 + Level 15.0 Transmutations
 - Level 5.0 Air Magic
 - Level 13.0 Invocations


You had 9 spell levels left.
You knew the following spells:

 Your Spells              Type           Power      Damage    Failure   Level
a - Portal Projectile     Hex/Tloc       72%        N/A       1%          3
b - Wereblood             Tmut           55%        N/A       1%          2
c - Lesser Beckoning      Tloc           96%        N/A       1%          3
d - Vhi's Electric Charg  Tloc/Air       72%        N/A       1%          3
e - Passage of Golubria   Tloc           48%        N/A       1%          4
f - Manifold Assault      Tloc           48%        N/A       1%          4
g - Necromutation         Tmut/Necr      26%        N/A       99%         8
h - Yara's Violent Unrav  Hex/Tmut       20%        3d9       11%         5
i - Death's Door          Necr           25%        N/A       100%        9

Your spell library contained the following spells:

 Spells                   Type           Power      Damage    Failure   Level
 Beastly Appendage        Tmut           100%       N/A       1%          1
 Sting                    Tmut/Pois      100%       1d8       1%          1
 Passwall                 Tmut/Erth      27%        N/A       1%          2
 Sublimation of Blood     Necr           51%        N/A       1%          2
 Gell's Gravitas          Tloc           48%        N/A       1%          3
 Teleport Other           Tloc           48%        N/A       1%          3
 Vampiric Draining        Necr           51%        2d9       1%          3
 Dispel Undead            Necr           51%        3d19      1%          4
 Blade Hands              Tmut           27%        N/A       1%          5
 Cigotuvi's Dreadful Rot  Necr/Pois/Air  58%        N/A       2%          2
 Agony                    Necr           51%        N/A       2%          5
 Slow                     Hex            100%       N/A       3%          1
 Momentum Strike          Conj/Tloc      56%        3d9       3%          2
 Spider Form              Tmut/Pois      33%        N/A       3%          3
 Anguish                  Hex/Necr       19%        N/A       5%          4
 Kindle Blastsparks       Fire/Tloc/Air  54%        2d14      7%          3
 Shock                    Conj/Air       68%        1d7       9%          1
 Confusing Touch          Hex            25%        N/A       9%          3
 Ignite Poison            Fire/Tmut/Pois 25%        N/A       9%          3
 Ice Form                 Ice/Tmut       33%        N/A       11%         4
 Petrify                  Tmut/Erth      33%        N/A       11%         4
 Ensorcelled Hibernation  Hex/Ice        34%        N/A       12%         2
 Poisonous Vapours        Pois/Air       34%        N/A       12%         2
 Static Discharge         Conj/Air       34%        2-4/arc   12%         2
 Freeze                   Ice            36%        1d5       22%         1
 Magic Dart               Conj           36%        1d4       22%         1
 Sandblast                Erth           18%        2d7       22%         1
 Dazzling Flash           Conj/Hex       34%        N/A       24%         3
 Dispersal                Tloc           24%        N/A       26%         6
 Airstrike                Air            12%        2d(2-18)  28%         4
 Irradiate                Conj/Tmut      16%        3d17      28%         5
 Scorch                   Fire           18%        2d5       34%         2
 Searing Ray              Conj           18%        2d5       34%         2
 Dragon Form              Tmut           27%        N/A       38%         7
 Frozen Ramparts          Ice            18%        1d3       56%         3
 Hailstorm                Conj/Ice       9%         3d4       56%         3
 Ozocubu's Armour         Ice            9%         N/A       56%         3
 Stone Arrow              Conj/Erth      18%        3d8       56%         3
 Fulminant Prism          Conj/Hex       8%         3d7       63%         4
 Leda's Liquefaction      Hex/Erth       8%         N/A       63%         4
 Silence                  Hex/Air        12%        N/A       63%         5
 Eringya's Noxious Bog    Tmut/Pois      16%        N/A       85%         6
 Statue Form              Tmut/Erth      22%        N/A       85%         6
 Flame Wave               Conj/Fire      9%         2d6       92%         4
 Olgreb's Toxic Radiance  Pois           9%         N/A       92%         4
 Arcjolt                  Conj/Air       8%         1d18      92%         5
 Lightning Bolt           Conj/Air       8%         1d21      92%         5
 Metabolic Englaciation   Hex/Ice        8%         N/A       92%         5
 Freezing Cloud           Conj/Ice/Air   7%         6-21      97%         5
 Storm Form               Tmut/Air       20%        N/A       97%         7
 Lee's Rapid Deconstruct  Erth           4%         3d5*      99%         5
 Conjure Ball Lightning   Conj/Air       8%         3x3d6     100%        6
 Iron Shot                Conj/Erth      4%         9d2       100%        6
 Enfeeble                 Hex            12%        N/A       100%        7
 Orb of Destruction       Conj           4%         9d5       100%        7
 Borgnjor's Revivificati  Necr           25%        N/A       100%        8
 Discord                  Hex            12%        N/A       100%        8
 Disjunction              Tloc           24%        N/A       100%        8
 Lehudib's Crystal Spear  Conj/Erth      4%         10d3      100%        8
 Polar Vortex             Ice            4%         N/A       100%        9
 Blink                    Tloc           Unusable   N/A       N/A         2
 Animate Dead             Necr           Unusable   N/A       N/A         4
 Swiftness                Air            Unusable   N/A       N/A         3
 Tukima's Dance           Hex            Unusable   N/A       N/A         3
 Death Channel            Necr           Unusable   N/A       N/A         6
 Summon Guardian Golem    Hex/Summ       Unusable   N/A       N/A         3
 Summon Forest            Summ/Tloc      Unusable   N/A       N/A         5
 Summon Lightning Spire   Summ/Air       Unusable   N/A       N/A         4
 Animate Armour           Summ/Erth      Unusable   N/A       N/A         4
 Simulacrum               Ice/Necr       Unusable   N/A       N/A         6
 Summon Cactus Giant      Summ           Unusable   N/A       N/A         6
 Malign Gateway           Summ/Tloc      Unusable   N/A       N/A         7
 Spellforged Servitor     Conj/Summ      Unusable   N/A       N/A         7
 Summon Hydra             Summ           Unusable   N/A       N/A         7
 Infestation              Necr           Unusable   N/A       N/A         8

Dungeon Overview and Level Annotations

Branches:
Dungeon (15/15)            Temple (1/1) D:6            Lair (5/5) D:9
  Swamp (4/4) Lair:2        Snake (4/4) Lair:3        Slime (5/5) Lair:4
    Orc (2/2) D:11            Elf (3/3) Orc:2        Vaults (4/5) D:13
  Crypt (3/3) Vaults:2       Tomb (0/3) Crypt:3      Depths (4/4) D:15
   Hell (visited)             Dis (0/7) Hell            Geh (6/7) Hell
    Coc (0/7) Hell            Tar (0/7) Hell            Zot (5/5) Depths:4
  Sewer (visited)

Altars:
Ashenzari
Cheibriados
Dithmenos
Elyvilon
Fedhas
Gozag
Hepliaklqana
Kikubaaqudgha
Makhleb
Nemelex Xobeh
Okawaru
Qazlal
Ru
Sif Muna
Trog
Uskayaw
Vehumet
Wu Jian
Xom
Yredelemnul
Zin
The Shining One
Jiyva

Shops:
D:12 (   D:13 ?   D:14 (?*?   Orc:2 *(*!=   Snake:1 (   Snake:2 ?   Snake:4 [[:
Vaults:1 *

Portals:
Hell: Depths:1 Depths:2 Depths:3 Depths:4
Abyss: Depths:2 Depths:3 Depths:4
Pandemonium: Depths:1 Depths:2 Depths:3
Ziggurat: Depths:2
Trove: D:13 (give 18 potions of curing)

Annotations:
Depths:4 2 transporters


Innate Abilities, Weirdness & Mutations

You cannot be hasted, slowed, berserked, paralysed or teleported.
You can dig through walls and to a lower floor.
You have a pair of large antennae on your head. (SInv)
Your four strong arms can wield two-handed weapons with a shield.
You are partially covered in iridescent scales. (AC +2)
You are agile. (Dex +4, Str/Int -1)
Your flesh is cold resistant. (rC+)
You are somewhat resistant to further mutation.
You are covered in fur. (AC +1)


Message History

The searing wretch is lightly damaged.
You block the searing wretch's attack.
The searing wretch claws you but does no damage.
You block the searing wretch's attack.
You slash the searing wretch!
The searing wretch convulses!
The searing wretch is moderately damaged.
You block the searing wretch's attack. x3
The Brimstone Fiend calls on the powers of darkness!
Your body is wracked with pain!
A Brimstone Fiend comes into view.
Unknown command.
You gain the combat prowess of a mighty hero.
The Brimstone Fiend calls on the powers of darkness!
Your body is wracked with pain!
* * * LOW HITPOINT WARNING * * *
You block the searing wretch's attack. x2
The searing wretch barely misses you.
The searing wretch attacks as you move away!
You block the searing wretch's attack.
The searing wretch claws you but does no damage.
You block the searing wretch's attack.
There is a gateway leading out of Gehenna here.
You carve the searing wretch like a ham!!!
The searing wretch convulses!!!
The searing wretch is severely damaged.
You slice the searing wretch!!
The searing wretch convulses!
You destroy the searing wretch!
Okawaru accepts your kill.
You slash the Brimstone Fiend!
The Brimstone Fiend convulses!
The Brimstone Fiend is moderately wounded.
The Brimstone Fiend calls on the powers of darkness!
Your body is wracked with pain!
* * * LOW HITPOINT WARNING * * *
The Brimstone Fiend barely misses you. You block the Brimstone Fiend's attack.
The Brimstone Fiend closely misses you. The Brimstone Fiend gestures at you.
The sphere of damnation explodes!
The damnation engulfs the Brimstone Fiend.
The Brimstone Fiend completely resists.
The damnation engulfs you!!!
You die...

#....#
#...≈#
+...≈ #...
##1.
..#+##..#
........+
+#.....1##
##≈##≈≈@#
# ##≈...≈#
##≈≈###
####


You could see 2 Brimstone Fiends.

Vanquished Creatures
  the Royal Jelly (Slime:5)
  2 ancient liches
  2 dread liches
  5 orbs of fire (Zot:5)
  A juggernaut (Depths:4)
  Sojobo (Vaults:3)
  5 Killer Klowns (Zot:5)
  Margery (Vaults:4)
  A caustic shrike (Depths:4)
  Vashnia (Snake:3)
  8 golden dragons
  3 curse toes
  Geryon (Hell)
  7 bone dragons
  Nikola (Depths:2)
  2 doom hounds (Crypt:1)
  the Enchantress (Arena)
  A Tzitzimitl (Crypt:1)
  5 electric golems
  A Brimstone Fiend (Geh:5)
  Jorgrun (Orc:2)
  3 hellephants
  A Hell Sentinel (Abyss:3)
  Zenata (Vaults:4)
  Mlioglotl (Swamp:2)
  A walking crystal tome (Depths:4)
  5 liches
  25 Orb Guardians (Zot:5)
  15 tentacled monstrosities
  Grunn (Crypt:1)
  A walking divine tome (Depths:4)
  8 searing wretches
  2 deep elf blademasters (Elf:3)
  Rupert (Lair:4)
  10 quicksilver dragons
  Asterion (Vaults:1)
  15 acid blobs
  2 deep elf master archers (Elf:3)
  4 sphinxes
  6 death cobs
  3 tentacled starspawn
  Murray (Hell)
  14 ancient champions
  7 tengu reavers
  9 shadow dragons
  Agnes (Snake:3)
  5 nagarajas
  8 draconian monks
  A fenstrider witch (Swamp:2)
  3 thorn hunters
  A revenant (Crypt:3)
  16 storm dragons
  10 azure jellies
  Donald (Swamp:3)
  The ghost of Jouxuy the Fighter, a journeyman DgGl (Depths:1)
  12 fire giants
  10 rockslimes
  18 vault wardens
  2 iron dragons
  The ghost of Viuc the Severer, a journeyman MiBe of Trog (D:14)
  10 draconian scorchers
  12 frost giants
  2 deep elf sorcerers (Elf:3)
  7 draconian knights
  5 balrugs
  A deep elf elementalist (Elf:3)
  8 ghouls
  5 angels
  A shard shrike simulacrum (Abyss:3)
  Aizul (Snake:2)
  5 draconian stormcallers
  11 reapers
  2 orc warlords
  11 draconian shifters
  3 ghost moths
  17 very ugly things
  6 draconian annihilators
  3 spriggan defenders (Depths:3)
  10 ironbound thunderhulks
  8 quicksilver oozes
  5 war gargoyles
  14 ironbound preservers
  13 green draconians
  11 stone giants
  2 juggernaut skeletons (Crypt:3)
  15 vampire knights
  18 black draconians
  7 deep elf demonologists
  3 lorocyprocas
  7 dire elephants
  23 purple draconians
  2 bunyips
  3 eleionomae
  3 spark wasps (Depths:1)
  8 deep elf annihilators
  10 red draconians
  11 white draconians
  6 deep elf death magi
  14 yellow draconians
  4 blizzard demons
  2 eidola
  3 ettins
  A deep elf high priest (Elf:3)
  6 fire dragons
  2 entropy weavers
  9 jiangshi
  6 yaktaur captains
  5 salamander tyrants
  13 great orbs of eyes
  6 ice dragons
  5 rakshasas
  A shambling mangrove (Swamp:3)
  Fannar (D:11)
  A spriggan zombie (Crypt:3)
  The ghost of fly the Cleaver, a journeyman DgDe (D:10)
  21 hydras
  Harold (Lair:2)
  The ghost of Smoky173 the Nimble, a journeyman MfGl of Qazlal (Orc:2)
  A caustic shrike simulacrum (Depths:2)
  12 vault guards
  8 spriggan air magi
  Erolcha (D:13)
  An ogre mage (D:15)
  A peacekeeper (Vaults:4)
  A ghost crab (Swamp:3)
  8 ironbound frosthearts
  5 stokers
  A hell beast (Hell)
  4 death knights
  4 centaur warriors
  2 catoblepae
  6 anacondas
  2 satyrs (Depths:3)
  29 dancing weapons
  5 boulder beetles
  6 vampire magi
  7 two-headed ogres
  6 tengu warriors
  9 naga warriors
  8 alligators
  28 hell hogs
  4 death yaks (Lair:5)
  15 naga sharpshooters
  An orc high priest (Orc:1)
  8 spriggan berserkers
  19 deep troll shamans
  9 thrashing horrors
  8 shock serpents
  9 deep troll earth magi
  Urug (Lair:4)
  A quicksilver ooze zombie (Crypt:3)
  18 hell knights
  9 sun demons
  22 deep elf knights
  5 soul eaters
  18 iron trolls
  5 wretched stars (Abyss:3)
  A storm dragon skeleton (Crypt:3)
  3 salamander mystics (Snake:4)
  A spatial maelstrom (Abyss:3)
  An anaconda zombie (Crypt:2)
  A spriggan druid (Swamp:4)
  5 sixfirhies
  7 goliath frogs
  52 skeletal warriors
  2 shadow wraiths (Hell)
  3 cherubim (Depths:2)
  5 naga ritualists
  12 swamp dragons
  9 glowing orange brains
  87 deep trolls
  4 flayed ghosts
  13 bog bodies
  4 anaconda skeletons
  7 phantasmal warriors
  14 deep elf archers
  A golden dragon skeleton (Crypt:3)
  9 orc knights
  A kraken simulacrum (Hell)
  9 wizards
  4 lindwurms
  3 harpies (Vaults:4)
  Pikel (D:7)
  5 mana vipers
  A goliath frog zombie (Crypt:1)
  31 deep elf pyromancers
  31 deep elf zephyrmancers
  6 necromancers
  3 orc sorcerers
  12 ironbound convokers
  A shadow dragon skeleton (Crypt:3)
  4 will-o-the-wisps
  21 starcursed masses
  30 moths of wrath
  6 draconians (Abyss:3)
  2 cyclopes
  6 shining eyes
  2 worldbinders
  42 ugly things
  5 fauns (Depths:3)
  A stone giant zombie (Crypt:1)
  16 salamanders
  6 manticores
  2 oklob plants (Lair:2)
  A faun (shapeshifter) (Depths:4)
  A stone giant skeleton (Crypt:3)
  17 elephants
  A draconian skeleton (Crypt:3)
  An elephant (shapeshifter) (Vaults:2)
  19 black mambas
  10 rust devils
  An orange demon (Abyss:3)
  A torpor snail (Lair:2)
  7 guardian serpents
  3 eyes of devastation
  2 apocalypse crabs
  7 smoke demons
  2 molten gargoyles (Hell)
  14 vault sentinels
  2 water nymphs (Depths:3)
  13 naga magi
  A cane toad (shapeshifter) (D:10)
  A demonic crawler (Hell)
  15 cane toads
  An unseen horror (D:10)
  A naga skeleton (Crypt:3)
  A gargoyle (D:12)
  3 hellions
  4 rime drakes
  A rime drake (shapeshifter) (D:10)
  A pale draconian skeleton (Crypt:1)
  11 freezing wraiths
  4 tormentors
  4 kobold demonologists (D:13)
  A komodo dragon (shapeshifter) (Abyss:3)
  A hellwing (Depths:1)
  An anaconda simulacrum (Hell)
  36 yaktaurs
  An unseen horror skeleton (Crypt:3)
  2 spark wasp simulacra (Depths:2)
  7 komodo dragons
  7 ancient zymes
  A golden dragon simulacrum (Depths:2)
  4 guardian mummies (Crypt:3)
  2 sea snake skeletons
  9 tengu conjurers
  10 trolls
  A tengu simulacrum (Crypt:3)
  A red devil (Hell)
  A queen bee (Lair:2)
  4 polar bears
  2 hydra zombies (Swamp:3)
  A tyrant leech (shapeshifter) (Depths:4)
  2 hydra skeletons (Hell)
  A moth of wrath zombie (Crypt:2)
  A slime creature (shapeshifter) (Elf:2)
  5 tyrant leeches
  15 raiju
  4 harpy skeletons (Crypt:3)
  18 blink frogs
  Grinder (D:6)
  18 hornets
  A meliai zombie (Crypt:1)
  Prince Ribbit (D:7)
  A great orb of eyes zombie (Crypt:2)
  An alligator zombie (Hell)
  67 slime creatures
  A black mamba zombie (Crypt:3)
  A fire giant simulacrum (Depths:2)
  14 flying skulls
  A jumping spider (Vaults:4)
  An ice dragon skeleton (Crypt:3)
  19 spriggans
  A shadow (D:10)
  5 air elementals
  11 wyverns
  A wyvern (shapeshifter) (Elf:1)
  3 water elementals
  Eustachio (D:6)
  2 ynoxinuls (Abyss:3)
  A dire elephant simulacrum (Crypt:2)
  2 ettin skeletons (Crypt:3)
  47 yaks
  5 fire elementals
  9 wraiths
  7 golden eyes
  8 vampire mosquitoes
  7 fire bats (Abyss:3)
  9 neqoxecs
  4 steam dragons
  A steam dragon (shapeshifter) (D:10)
  2 redbacks
  10 basilisks
  7 chaos spawn
  Menkaure (D:5)
  3 spatial vortices (Abyss:3)
  5 wargs
  39 nagas
  20 large abominations
  A water nymph zombie (Crypt:2)
  An entropy weaver zombie (Crypt:1)
  13 swamp worms
  A hydra simulacrum (Hell)
  3 floating eyes
  2 demonspawn skeletons
  19 water moccasins
  4 ice beasts
  10 swamp drakes
  A sky beast (D:7)
  34 orc warriors
  A black bear (shapeshifter) (D:15)
  3 black bears
  2 spriggan simulacra (Depths:2)
  A boggart (D:14)
  15 wolves
  13 ogres
  11 centaurs
  A manticore skeleton (Crypt:3)
  9 phantoms
  8 small abominations
  4 kobold brigands
  The ghost of lorin the Digger, an amateur GrEE (D:3)
  Blork the orc (D:5)
  14 bullfrogs
  3 necrophages
  5 earth elementals
  3 gnoll sergeants
  4 scorpions
  A water moccasin zombie (D:5)
  9 wights
  A cyclops skeleton (Crypt:2)
  A shapeshifter zombie (Crypt:1)
  29 killer bees (Lair:2)
  A polar bear skeleton (Crypt:2)
  11 howler monkeys
  5 electric eels (Lair:1)
  A bullfrog zombie (D:5)
  A jelly (shapeshifter) (D:10)
  2 centaur skeletons
  2 hounds
  2 iron imps (Abyss:3)
  4 jellies
  Crazy Yiuf (D:5)
  19 orc priests
  A basilisk zombie (Crypt:1)
  3 iguanas
  20 orc wizards
  5 lightning spires (Zot:1)
  A scorpion zombie (D:5)
  A killer bee zombie (D:5)
  5 hound zombies (D:5)
  A hound skeleton (D:5)
  A howler monkey zombie (Crypt:3)
  A gnoll (shapeshifter) (D:10)
  14 gnolls
  7 adders
  8 river rats
  2 shadow imps
  2 white imps
  3 ufetubi
  A worm zombie (Crypt:3)
  4 worms
  3 dart slugs
  91 orcs
  12 bats
  4 endoplasms
  5 giant cockroaches
  8 goblins
  6 hobgoblins
  6 jackals
  26 kobolds
  6 quokkas
  12 ball pythons
  A ball python zombie (Crypt:3)
  An endoplasm zombie (Crypt:3)
  4 frilled lizards
  A jackal skeleton (Crypt:2)
  A kobold skeleton (Crypt:1)
  3 rats
  11 fire vortices
  A lurking horror (Abyss:3)
  3 starspawn tentacles (Abyss:2)
  A tentacle (Hell)
2659 creatures vanquished.

Vanquished Creatures (others)
  An iron dragon (Hell)
  2 black draconians (Zot:1)
  A spark wasp (Zot:1)
  A stoker (Geh:1)
  An alligator (Swamp:3)
  2 deep elf zephyrmancers (Elf:1)
  A bloated husk (Swamp:3)
  A hornet (Swamp:2)
  An air elemental (Elf:1)
  A wraith (Abyss:3)
  A naga (Snake:2)
  An orc wizard (Orc:1)
  An orc (Orc:2)
  5 ball lightnings (Zot:1)
  29 foxfires
  18 fungi
  A lurking horror (Abyss:3)
  129 plants
  4 starspawn tentacles
  3 tentacles (Hell)
  A withered plant (D:5)
205 creatures vanquished.

Grand Total: 2864 creatures vanquished

Notes
Turn   | Place    | Note
-------+----------+-------------------------------------------
     0 | D:1      | Bnni the Formicid Fighter began the quest for the Orb.
     0 | D:1      | Reached XP level 1. HP: 18/18 MP: 1/1
   167 | D:1      | Reached XP level 2. HP: 20/24 MP: 2/2
   885 | D:2      | Reached XP level 3. HP: 29/29 MP: 3/3
  1441 | D:2      | Reached skill level 3 in Axes
  1441 | D:2      | Reached skill level 5 in Shields
  1441 | D:2      | Reached XP level 4. HP: 37/37 MP: 4/4
  1857 | D:3      | Identified the +4 short sword "Yruxawk" {venom, MP+9 Dex+2}
  1857 | D:3      | Identified the +0 scale mail of the Gusle {-Tele Fly Str+5
                  | SInv}
  1858 | D:3      | Found a runed translucent gate.
  1858 | D:3      | Noticed lorin's ghost (amateur GrEE)
  1859 | D:3      | Found a runed translucent gate.
  1860 | D:3      | Found a runed translucent gate.
  2014 | D:3      | Found a glowing drain.
  2111 | Sewer    | Entered a sewer
  2135 | Sewer    | Reached XP level 5. HP: 39/42 MP: 5/5
  2355 | Sewer    | Reached skill level 4 in Axes
  2622 | Sewer    | Reached XP level 6. HP: 49/49 MP: 6/6
  2968 | D:3      | Found a faded altar of an unknown god.
  2968 | D:3      | Noticed a green death
  3522 | D:3      | Killed lorin's ghost
  3523 | D:3      | Reached skill level 5 in Axes
  3867 | D:4      | Reached skill level 5 in Fighting
  4208 | D:4      | Noticed an orc warrior
  4225 | D:4      | Killed an orc warrior
  4226 | D:4      | Reached XP level 7. HP: 36/56 MP: 7/7
  4232 | D:4      | Reached skill level 6 in Axes
  4733 | D:5      | Entered Level 5 of the Dungeon
  4832 | D:5      | Reached XP level 8. HP: 62/64 MP: 8/8
  4837 | D:5      | Reached skill level 7 in Axes
  5113 | D:5      | Found a sparkling altar of Nemelex Xobeh.
  5149 | D:5      | Noticed Menkaure
  5159 | D:5      | Killed Menkaure
  5160 | D:5      | Reached skill level 8 in Axes
  5372 | D:5      | Reached XP level 9. HP: 69/72 MP: 9/9
  5453 | D:5      | Found a runed translucent door.
  5454 | D:5      | Noticed Crazy Yiuf
  5459 | D:5      | Killed Crazy Yiuf
  5724 | D:5      | Reached skill level 9 in Axes
  5856 | D:5      | Found a radiant altar of Vehumet.
  5933 | D:5      | Noticed Blork the orc
  5943 | D:5      | Killed Blork the orc
  6248 | D:6      | Noticed Grinder
  6258 | D:6      | Killed Grinder
  6492 | D:6      | Reached skill level 10 in Axes
  6694 | D:6      | Noticed Eustachio
  6704 | D:6      | Killed Eustachio
  6848 | D:6      | Reached XP level 10. HP: 64/82 MP: 10/10
  6922 | D:6      | Found a staircase to the Ecumenical Temple.
  6931 | Temple   | Entered the Ecumenical Temple
  7270 | D:6      | Reached skill level 11 in Axes
  7964 | D:7      | Noticed Pikel
  7964 | D:7      | Noticed Prince Ribbit
  7971 | D:7      | Killed Pikel
  7972 | D:7      | Reached skill level 12 in Axes
  7972 | D:7      | Killed Prince Ribbit
  8212 | D:7      | Reached skill level 10 in Fighting
  8985 | D:8      | Found an iron altar of Okawaru.
  9033 | D:8      | Became a worshipper of Warmaster Okawaru
  9491 | D:9      | Found a hide-covered altar of Uskayaw.
  9501 | D:9      | Noticed an elephant
  9506 | D:9      | Reached skill level 1 in Invocations
  9506 | D:9      | Reached XP level 11. HP: 89/91 MP: 11/11
  9520 | D:9      | Killed an elephant
  9540 | D:9      | Reached * piety under Okawaru
  9545 | D:9      | Reached skill level 13 in Axes
  9708 | D:9      | Found a staircase to the Lair.
  9764 | D:9      | Found an ornate altar of the Wu Jian Council.
 10064 | D:9      | You fall into a shaft and drop 1 floor!
 10064 | D:10     | Entered Level 10 of the Dungeon
 10100 | D:10     | Reached ** piety under Okawaru
 10171 | D:10     | Found a blossoming altar of Fedhas.
 10505 | D:10     | Found a runed translucent gate.
 10505 | D:10     | Found a runed translucent gate.
 10505 | D:10     | Found a runed translucent gate.
 10506 | D:10     | Noticed a cyan ugly thing
 10507 | D:10     | Noticed a brown ugly thing
 10507 | D:10     | Noticed a brown ugly thing
 10507 | D:10     | Noticed a mana viper
 10507 | D:10     | Noticed a purple ugly thing
 10507 | D:10     | Noticed a white ugly thing
 10513 | D:10     | a mana viper changed into a deep troll
 10513 | D:10     | Noticed a deep troll (glowing shapeshifter)
 10515 | D:10     | a deep troll changed into a swamp worm
 10517 | D:10     | a swamp worm changed into a lindwurm
 10517 | D:10     | Noticed a lindwurm (glowing shapeshifter)
 10518 | D:10     | a lindwurm changed into a wind drake
 10994 | D:10     | Noticed an entropy weaver
 11005 | D:10     | Killed a brown ugly thing
 11011 | D:10     | Killed a purple ugly thing
 11011 | D:10     | Reached *** piety under Okawaru
 11012 | D:10     | Reached skill level 5 in Invocations
 11013 | D:10     | Killed a cyan ugly thing
 11014 | D:10     | Reached skill level 14 in Axes
 11016 | D:10     | a redback changed into a fire crab
 11016 | D:10     | Noticed a fire crab (glowing shapeshifter)
 11020 | D:10     | a fire crab changed into a cane toad
 11021 | D:10     | Killed a white ugly thing
 11021 | D:10     | Killed a purple ugly thing
 11022 | D:10     | Reached XP level 12. HP: 69/100 MP: 14/16
 11028 | D:10     | Found a runed translucent gate.
 11028 | D:10     | Found a runed translucent gate.
 11029 | D:10     | Noticed fly's ghost (journeyman DgDe)
 11032 | D:10     | Found a runed translucent gate.
 11044 | D:10     | Reached **** piety under Okawaru
 11051 | D:10     | Killed fly's ghost
 11269 | D:11     | Noticed a two-headed ogre
 11273 | D:11     | Killed a two-headed ogre
 11516 | D:11     | Noticed Fannar
 11537 | D:11     | Killed Fannar
 11537 | D:11     | Reached ***** piety under Okawaru
 11538 | D:11     | Reached skill level 15 in Axes
 11875 | D:11     | Found a white marble altar of Elyvilon.
 11982 | D:11     | Found a staircase to the Orcish Mines.
 12250 | D:12     | Found an iron altar of Okawaru.
 12278 | D:12     | Noticed a two-headed ogre
 12290 | D:12     | Killed a two-headed ogre
 12562 | D:12     | Received a gift from Okawaru
 12645 | D:12     | Found Coixtiawn's Antique Weapon Shoppe.
 12655 | D:12     | Noticed a tengu warrior
 12661 | D:12     | Killed a tengu warrior
 13326 | D:13     | Noticed a tengu warrior
 13334 | D:13     | Killed a tengu warrior
 13335 | D:13     | Reached XP level 13. HP: 74/109 MP: 15/19
 13582 | D:13     | Noticed a rakshasa
 13599 | D:13     | Killed a rakshasa
 13825 | D:13     | Found Luysh's Magic Scroll Boutique.
 13828 | D:13     | Noticed Erolcha
 13839 | D:13     | Killed Erolcha
 13839 | D:13     | Received a gift from Okawaru
 13840 | D:13     | Reached skill level 16 in Axes
 14167 | D:13     | Found a gate to the Vaults.
 14565 | D:13     | Noticed a vault guard
 14581 | D:13     | Killed a vault guard
 14614 | D:13     | Found a portal to a secret trove of treasure.
 14911 | D:14     | Identified the +8 morningstar "Wakeajel" {flame, Dex+5}
 14953 | D:14     | Noticed a catoblepas
 14959 | D:14     | Killed a catoblepas
 14992 | D:14     | Noticed a centaur warrior
 14998 | D:14     | Killed a centaur warrior
 15155 | D:14     | Found Rithraedy's Magic Scroll Emporium.
 15155 | D:14     | Found Deruuh's General Store.
 15158 | D:14     | Found Eri Huut's Magic Scroll Emporium.
 15158 | D:14     | Found Mohaeb's Antique Weapon Emporium.
 15242 | D:14     | Reached ****** piety under Okawaru
 15381 | D:14     | Found a runed translucent gate.
 15381 | D:14     | Found a runed translucent gate.
 15382 | D:14     | Found a runed translucent gate.
 15383 | D:14     | Noticed a nine-headed hydra
 15383 | D:14     | Noticed Viuc's ghost (journeyman MiBe)
 15457 | D:14     | Noticed a centaur warrior
 15468 | D:14     | Killed a centaur warrior
 15468 | D:14     | Received a gift from Okawaru
 15469 | D:14     | Reached XP level 14. HP: 29/118 MP: 21/21
 15801 | D:14     | Reached skill level 1 in Throwing
 15801 | D:14     | Reached skill level 10 in Invocations
 16457 | D:14     | Identified the +0 pair of boots "Woger" {rC+ Str+2}
                  | (Okawaru gifted it to you on level 14 of the Dungeon)
 16457 | D:14     | Received a gift from Okawaru
 16458 | D:14     | Reached skill level 17 in Axes
 16462 | D:14     | Killed Viuc's ghost
 16469 | D:14     | Got Sif Muna's Parchment of the Incandescent Glacier
 16474 | D:14     | Identified the +0 chain mail of Pantheism {rElec Str+2}
 16516 | D:15     | Entered Level 15 of the Dungeon
 16537 | D:15     | HP: 4/119 [cyan ugly thing (12)]
 17044 | D:15     | Got the Vellum of the Compass
 17317 | D:15     | Found a staircase to the Depths.
 17320 | D:15     | Noticed a fire giant
 17330 | Arena    | Entered the Arena
 17336 | Arena    | Killed a fire giant
 17368 | D:15     | Reached skill level 10 in Shields
 17849 | D:15     | Found an opulent altar of Gozag.
 18051 | Lair:1   | Entered Level 1 of the Lair of Beasts
 18276 | Lair:1   | Identified the +1 pair of gloves "Bivadaiz" {rElec Will-
                  | Slay+3} (Okawaru gifted it to you on level 1 of the Lair of
                  | Beasts)
 18276 | Lair:1   | Received a gift from Okawaru
 18767 | Lair:1   | Reached XP level 15. HP: 121/126 MP: 20/23
 19029 | Lair:1   | Identified a scroll of acquirement
 19030 | Lair:1   | Acquired the ring of Abroh {rPois rCorr Str-4 Int+6}
 19415 | Lair:2   | Noticed Harold
 19425 | Lair:2   | Killed Harold
 19540 | Lair:2   | Reached skill level 18 in Axes
 19723 | Lair:2   | Found a staircase to the Swamp.
 19759 | Lair:2   | Identified the +3 whip "Ant's Doom" {venom, rF+ rC+ Str+7}
 19944 | Lair:2   | Reached skill level 5 in Throwing
 19944 | Lair:2   | Reached skill level 5 in Armour
 20372 | D:14     | Bought a +0 crystal plate armour for 1280 gold pieces
 20900 | Lair:3   | Received a gift from Okawaru
 21069 | Lair:3   | Found a staircase to the Snake Pit.
 21695 | Lair:4   | Found a staircase to the Slime Pits.
 21695 | Lair:4   | Found a viscous altar of Jiyva.
 21806 | Lair:4   | Noticed Rupert
 21810 | Lair:4   | Noticed Urug
 21820 | Lair:4   | Killed Rupert
 21826 | Lair:4   | Killed Urug
 22638 | Lair:5   | Entered Level 5 of the Lair of Beasts
 22704 | Lair:5   | Found an ornate altar of the Wu Jian Council.
 22729 | Lair:5   | Found a snail-covered altar of Cheibriados.
 22739 | Lair:5   | Found a hide-covered altar of Uskayaw.
 22901 | Lair:5   | Received a gift from Okawaru
 22961 | Lair:5   | Reached skill level 15 in Fighting
 22962 | Lair:5   | Reached XP level 16. HP: 136/136 MP: 22/25
 23056 | Lair:5   | Received a gift from Okawaru
 23880 | Orc:1    | Entered Level 1 of the Orcish Mines
 23969 | Orc:1    | You fall into a shaft and drop 1 floor!
 23969 | Orc:2    | Entered Level 2 of the Orcish Mines
 23993 | Orc:2    | Noticed Smoky173's ghost (journeyman MfGl)
 24041 | Orc:2    | Found a transporter.
 24303 | Orc:2    | Found a transporter.
 24305 | Orc:2    | Received a gift from Okawaru
 24383 | Orc:2    | HP: 5/136 [orc warrior/+0 battleaxe (13)]
 24384 | Arena    | Entered the Arena
 24428 | Orc:2    | Received a gift from Okawaru
 24448 | Orc:2    | Found Qybalaj's General Store.
 24448 | Orc:2    | Found Ogegg's Antique Weapon Emporium.
 24451 | Orc:2    | Found Ciass's General Store.
 24453 | Orc:2    | Found Raiffus's Distillery.
 24464 | Orc:2    | Bought a potion of heal wounds for 65 gold pieces
 24550 | Orc:2    | Found a staircase to the Elven Halls.
 24556 | Orc:2    | Noticed Jorgrun
 24576 | Orc:2    | Killed Jorgrun
 24737 | Orc:2    | Found a bloodstained altar of Trog.
 24785 | Orc:2    | Killed Smoky173's ghost
 24897 | Orc:2    | Found Iwken's Jewellery Shoppe.
 24948 | Orc:2    | Bought a potion of curing for 36 gold pieces
 25148 | Snake:1  | Entered Level 1 of the Snake Pit
 25248 | Snake:1  | Found Dilod's Antique Weapon Shoppe.
 25633 | Snake:1  | Received a gift from Okawaru
 26003 | D:13     | Bought a scroll of enchant weapon for 90 gold pieces
 26042 | D:14     | Bought a scroll of enchant weapon for 97 gold pieces
 26048 | D:14     | Bought a scroll of enchant armour for 105 gold pieces
 26240 | Snake:2  | Reached skill level 19 in Axes
 26254 | Snake:2  | Identified the +1 robe of Patterns {Str+7 Int-2} (Okawaru
                  | gifted it to you on level 2 of the Snake Pit)
 26254 | Snake:2  | Received a gift from Okawaru
 26338 | Snake:2  | Reached XP level 17. HP: 102/143 MP: 26/26
 26581 | Snake:2  | Identified the +1 scale mail "Readd" {Int+8}
 26729 | Snake:2  | Reached skill level 10 in Throwing
 26888 | Snake:2  | Found Mukidd's Magic Scroll Shop.
 26896 | Snake:2  | Bought a scroll of enchant weapon for 105 gold pieces
 26896 | Snake:2  | Bought 3 scrolls of enchant weapon for 315 gold pieces
 26896 | Snake:2  | Bought a scroll of enchant armour for 105 gold pieces
 26896 | Snake:2  | Bought a scroll of enchant weapon for 105 gold pieces
 27048 | Snake:2  | Noticed Aizul
 27062 | Snake:2  | Killed Aizul
 27464 | Snake:3  | Noticed Vashnia
 27510 | Snake:3  | Killed Vashnia
 27598 | Snake:3  | Received a gift from Okawaru
 27750 | Snake:3  | Noticed Agnes
 27761 | Snake:3  | Killed Agnes
 27761 | Snake:3  | Received a gift from Okawaru
 28032 | Snake:4  | Entered Level 4 of the Snake Pit
 28036 | Snake:4  | Found Jieregetz's Book Shoppe.
 28391 | Snake:4  | Found Viguel's Armour Emporium.
 28425 | Snake:4  | Found Fiqyssin's Assorted Antiques.
 28473 | Snake:4  | Received a gift from Okawaru
 28488 | Snake:4  | Identified the +2 kite shield "Tadepn" {-Tele Harm Regen+
                  | rCorr} (Okawaru gifted it to you on level 4 of the Snake
                  | Pit)
 28488 | Snake:4  | Received a gift from Okawaru
 28507 | Snake:4  | Reached XP level 18. HP: 113/151 MP: 27/27
 28700 | Snake:4  | Got a serpentine rune of Zot
 28812 | Snake:4  | Found Hiamoack's Armour Boutique.
 29666 | Swamp:1  | Entered Level 1 of the Swamp
 29829 | Swamp:1  | Reached skill level 10 in Armour
 30118 | Swamp:1  | Identified the +1 ring mail of Ogah {rC+ rN+ Str+4}
 30188 | Swamp:1  | Identified the +3 robe of the Sneaky Ultimatums {rC+ MP+9
                  | Slay+2} (Okawaru gifted it to you on level 1 of the Swamp)
 30188 | Swamp:1  | Received a gift from Okawaru
 30715 | Swamp:2  | Noticed Mlioglotl
 30717 | Swamp:2  | Noticed a dread lich
 30727 | Swamp:2  | Killed Mlioglotl
 30928 | Swamp:3  | Noticed Donald
 30941 | Swamp:3  | Killed Donald
 31133 | Swamp:3  | Reached XP level 19. HP: 154/161 MP: 28/28
 31158 | Swamp:3  | Reached skill level 15 in Shields
 31535 | Swamp:3  | Got Vazxuiru's Secrets of Reanimation Made Easy
 31791 | Swamp:3  | Learned a level 2 spell: Wereblood
 31807 | Swamp:4  | Entered Level 4 of the Swamp
 31899 | Swamp:4  | Received a gift from Okawaru
 31932 | Swamp:4  | Reached skill level 20 in Axes
 31939 | Swamp:4  | Received a gift from Okawaru
 32159 | Swamp:4  | Got a decaying rune of Zot
 32661 | Depths:1 | Entered Level 1 of the Depths
 32991 | Depths:1 | Identified the +1 fire dragon scales "Eriej" {Rampage rF++
                  | rC-} (Okawaru gifted it to you on level 1 of the Depths)
 32991 | Depths:1 | Received a gift from Okawaru
 32999 | Depths:1 | Reached XP level 20. HP: 50/170 MP: 29/29
 33099 | Depths:1 | Acquired a manual of Axes
 33126 | Depths:1 | Found a gateway to Hell.
 33297 | Depths:1 | You fall into a shaft and drop 1 floor!
 33445 | Depths:2 | Noticed Nikola
 33463 | Depths:2 | Killed Nikola
 33648 | Depths:1 | Found a one-way gate leading to the halls of Pandemonium.
 33678 | Depths:1 | Found a large runed translucent door.
 33679 | Depths:1 | Found a large runed translucent door.
 33682 | Depths:1 | Noticed Jouxuy's ghost (journeyman DgGl)
 34074 | Depths:1 | Killed Jouxuy's ghost
 34140 | Depths:2 | Found a white marble altar of Elyvilon.
 34155 | Arena    | Entered the Arena
 34448 | Depths:2 | Found a one-way gateway to a ziggurat.
 34565 | Depths:2 | Identified the +7 tower shield of Hett {Int+2} (Okawaru
                  | gifted it to you on level 2 of the Depths)
 34565 | Depths:2 | Received a gift from Okawaru
 34759 | Depths:2 | Found a one-way gate to the infinite horrors of the Abyss.
 35307 | Depths:2 | Learned a level 3 spell: Vhi's Electric Charge
 35311 | Depths:2 | Learned a level 3 spell: Lesser Beckoning
 35316 | Depths:2 | Learned a level 4 spell: Passage of Golubria
 35400 | Depths:3 | Reached skill level 21 in Axes
 35539 | Depths:3 | Reached XP level 21. HP: 124/177 MP: 30/30
 35571 | Depths:3 | Identified the +1 pair of gloves "Gyle" {Rampage Regen+
                  | Str+3 Stlth-} (Okawaru gifted it to you on level 3 of the
                  | Depths)
 35571 | Depths:3 | Received a gift from Okawaru
 35620 | Depths:3 | Identified the +2 long sword of the Writhing Gods {spect,
                  | rC+ Dex+3}
 35791 | Depths:3 | Noticed the Enchantress
 35795 | Arena    | Entered the Arena
 35799 | Arena    | Killed the Enchantress
 35883 | Depths:3 | Identified the +9 plate armour "Qikk" {rF+ rC+ MP+9 Dex+3}
 35886 | Depths:3 | Got the Octavo of the Lithic Welkin
 35918 | Abyss:2  | Cast into level 2 of the Abyss (a wizard)
 36171 | Abyss:2  | Noticed a dread lich
 36207 | Abyss:2  | Killed a dread lich
 36229 | Depths:3 | Escaped the Abyss
 36584 | Depths:3 | Noticed a golden dragon
 36591 | Depths:3 | Killed a golden dragon
 36773 | Abyss:2  | Cast into level 2 of the Abyss (a wizard)
 36796 | Abyss:3  | Found a corrupted altar of Lugonu.
 36796 | Abyss:3  | Found a corrupted altar of Lugonu.
 36906 | Depths:3 | Escaped the Abyss
 37324 | Depths:4 | Entered Level 4 of the Depths
 37350 | Depths:4 | Reached skill level 1 in Transmutations
 37354 | Depths:4 | Identified the +0 chain mail of the Vaults {rN+}
 37366 | Depths:4 | Received a gift from Okawaru
 37367 | Depths:4 | Reached skill level 1 in Translocations
 37428 | Depths:4 | Found a bloodstained altar of Trog.
 37471 | Depths:4 | Noticed a juggernaut
 37493 | Depths:4 | Killed a juggernaut
 37525 | Depths:4 | Reached XP level 22. HP: 180/186 MP: 27/31
 37535 | Depths:4 | Noticed a golden dragon
 37543 | Depths:4 | Killed a golden dragon
 37630 | Depths:4 | Identified the ring "Qeiqaerch" {rN+ Will+ Dex+2}
 37637 | Depths:4 | Received a gift from Okawaru
 37700 | Depths:4 | Identified the ring "Hutioqonk" {Dex+6 Stlth+}
 37725 | Depths:4 | Found a gate to the Realm of Zot.
 37829 | Depths:4 | Reached skill level 22 in Axes
 37832 | Depths:4 | Found a transporter.
 37857 | Depths:4 | Identified the ring "Maskorr" {rF+ rC+ MP+9 Str+3}
 37919 | Depths:4 | Identified the ring of Fyhyivo {Contam rPois rC++ Dex+5}
 37931 | Depths:4 | Found a transporter.
 37975 | Depths:4 | Received a gift from Okawaru
 37981 | Depths:4 | Reached skill level 5 in Transmutations
 38005 | Depths:4 | Identified the +4 fire dragon scales of the Gardener {rF++
                  | rC- Str+5} (Okawaru gifted it to you on level 4 of the
                  | Depths)
 38005 | Depths:4 | Received a gift from Okawaru
 38182 | Depths:4 | Found an ornate altar of the Wu Jian Council.
 38182 | Depths:4 | Noticed a caustic shrike
 38190 | Depths:4 | Killed a caustic shrike
 38387 | Vaults:1 | Entered Level 1 of the Vaults
 38491 | Vaults:1 | Noticed Asterion
 38502 | Vaults:1 | Killed Asterion
 38628 | Vaults:1 | Identified the +9 dagger of the Moon {protect, +Blink rPois
                  | rF++}
 38630 | Vaults:1 | Found Wotaosun's Assorted Antiques.
 38635 | Vaults:1 | Bought a potion of curing for 96 gold pieces
 38805 | Vaults:1 | Reached skill level 5 in Translocations
 38815 | Vaults:1 | Reached skill level 1 in Spellcasting
 39187 | Vaults:1 | Received a gift from Okawaru
 39213 | Vaults:1 | Reached XP level 23. HP: 194/194 MP: 32/32
 39678 | Vaults:2 | Received a gift from Okawaru
 40030 | Vaults:2 | Received a gift from Okawaru
 40256 | Vaults:2 | Received a gift from Okawaru
 40301 | Vaults:2 | Reached skill level 15 in Throwing
 40535 | Vaults:2 | Reached skill level 1 in Air Magic
 40781 | Vaults:2 | Found a staircase to the Crypt.
 40912 | Vaults:3 | Identified the +5 flail "Iclefrek" {venom, Int+4 Dex+4}
 41033 | Vaults:3 | You fall into a shaft and drop 1 floor!
 41277 | Vaults:3 | Identified the +0 ring mail of Zevvad {Int+4}
 41496 | Vaults:3 | Received a gift from Okawaru
 41612 | Vaults:3 | Noticed Sojobo
 41628 | Vaults:3 | Killed Sojobo
 42046 | Vaults:4 | Received a gift from Okawaru
 42059 | Vaults:4 | Reached XP level 24. HP: 201/202 MP: 32/32
 42093 | Vaults:4 | Received a gift from Okawaru
 42184 | Vaults:4 | Identified the +7 battleaxe "Conoih" {flame, rC+} (Okawaru
                  | gifted it to you on level 4 of the Vaults)
 42184 | Vaults:4 | Received a gift from Okawaru
 42300 | Vaults:4 | Reached skill level 23 in Axes
 42487 | Vaults:4 | Reached skill level 15 in Armour
 42523 | Vaults:4 | Noticed Margery
 42547 | Vaults:4 | Killed Margery
 42547 | Vaults:4 | Received a gift from Okawaru
 42548 | Vaults:4 | Reached skill level 5 in Spellcasting
 42683 | Vaults:4 | Noticed Zenata
 42689 | Vaults:4 | Received a gift from Okawaru
 42701 | Vaults:4 | Killed Zenata
 42754 | Vaults:4 | Received a gift from Okawaru
 43475 | Elf:1    | Entered Level 1 of the Elven Halls
 43564 | Elf:1    | Received a gift from Okawaru
 43793 | Elf:1    | Received a gift from Okawaru
 44140 | Elf:2    | Reached XP level 25. HP: 210/210 MP: 32/32
 44286 | Elf:2    | Received a gift from Okawaru
 44414 | Elf:2    | Found a runed translucent gate.
 44414 | Elf:2    | Found a runed translucent gate.
 44416 | Elf:2    | Found a runed translucent gate.
 44839 | Elf:3    | Entered Level 3 of the Elven Halls
 45457 | Elf:3    | Reached skill level 10 in Transmutations
 45479 | Elf:3    | Received a gift from Okawaru
 45479 | Elf:3    | Found the +3 robe of Clouds {*Thunder rCloud rElec}
 45521 | Elf:3    | Reached skill level 24 in Axes
 45561 | Elf:3    | Identified the +7 rapier of Luxury {spect, rElec rF- MP+9
                  | Int+5}
 45561 | Elf:3    | Identified the ring "Nejorr" {rF++ rC+ rN+ Str+4 Int+6}
 45626 | Elf:3    | Identified the +8 flail of Beogh's Condemnation {flame,
                  | rC+}
 45641 | Elf:3    | Identified the amulet "Dann" {Spirit Int+5}
 45657 | Elf:3    | Identified the amulet "Coifit" {Acrobat Int+4}
 45662 | Elf:3    | Identified the +1 scale mail "Diteuw" {+Inv rPois rC-}
 45673 | Elf:3    | Identified the ring "Pask" {rC+ Int-2 Dex+5}
 45680 | Elf:3    | Learned a level 3 spell: Portal Projectile
 45686 | Elf:3    | Learned a level 5 spell: Yara's Violent Unravelling
 45687 | Elf:3    | Identified the +7 hand axe of Intuition {holy, rPois}
 45688 | Elf:3    | Identified the +7 short sword "Wixtapt" {flame, rElec rF+}
 46365 | Slime:1  | Entered Level 1 of the Pits of Slime
 46581 | Orc:2    | Bought a +1 cloak of stealth for 214 gold pieces
 46832 | Slime:1  | Gained mutation: Your mind is acute. (Int +4, Str/Dex -1)
                  | [a shining eye]
 46834 | Slime:1  | Gained mutation: You passively dampen the noise of your
                  | surroundings. [a shining eye]
 46845 | Arena    | Entered the Arena
 46863 | Slime:1  | Reached skill level 1 in Hexes
 46864 | Slime:1  | Gained mutation: Your magical capacity is low. (-10% MP) [a
                  | shining eye]
 46921 | Slime:2  | Gained mutation: You are strong-willed. (Will+) [a shining
                  | eye]
 47029 | Slime:5  | Entered Level 5 of the Pits of Slime
 47279 | Slime:5  | Found a viscous altar of Jiyva.
 47279 | Slime:5  | Noticed the Royal Jelly
 47289 | Slime:5  | Found the +8 orange crystal plate armour {Archmagi, Int+3
                  | Clar}
 47292 | Slime:5  | Reached XP level 26. HP: 211/220 MP: 20/31
 47296 | Slime:5  | Reached skill level 10 in Translocations
 47314 | Slime:5  | Killed the Royal Jelly
 47340 | Slime:5  | Identified the +1 buckler "Cipreveq" {Harm rPois Str+3
                  | Slay+3}
 47421 | Slime:5  | Identified the +8 broad axe of Untimely Demise {venom, rN+
                  | MP-9 SInv}
 47422 | Slime:5  | Identified the +7 war axe of the Scuffed God {holy, rC+
                  | Str+3 Int-2}
 47433 | Slime:5  | Got the Handbook of Atheism
 47454 | Slime:5  | Got a slimy rune of Zot
 47504 | Slime:5  | Learned a level 4 spell: Manifold Assault
 47557 | Slime:5  | Identified the +9 halberd "Irecwuki" {protect, Fragile
                  | Str+2 Int+7}
 48082 | Crypt:1  | Entered Level 1 of the Crypt
 48159 | Crypt:1  | Noticed Grunn
 48174 | Crypt:1  | Killed Grunn
 48298 | Crypt:1  | Received a gift from Okawaru
 48382 | Crypt:1  | Reached skill level 5 in Hexes
 48388 | Crypt:1  | Reached skill level 5 in Air Magic
 49907 | Crypt:3  | Entered Level 3 of the Crypt
 49917 | Crypt:3  | Received a gift from Okawaru
 50078 | Crypt:3  | Received a gift from Okawaru
 50106 | Crypt:3  | Found a staircase to the Tomb.
 50271 | Crypt:3  | Identified the +1 cloak "Qadipn" {rN+} (Okawaru gifted it
                  | to you on level 3 of the Crypt)
 50271 | Crypt:3  | Received a gift from Okawaru
 50361 | Crypt:3  | Found a basalt altar of Yredelemnul.
 50427 | Crypt:3  | Noticed an ancient lich
 50451 | Crypt:3  | Killed an ancient lich
 50530 | Crypt:3  | Found the +7 sceptre of Torment {pain, torment}
 50551 | Crypt:3  | Identified the +5 whip "Zuoxtyfi" {freeze, rElec rC+ rN+
                  | Str-2}
 50862 | Crypt:3  | Identified the ring of Taelugau {rElec rN+ Will- Int-4
                  | Stlth+}
 50862 | Crypt:3  | Identified the amulet "Haunittu" {*Slow Will- Regen+ Str+3
                  | Dex+10}
 50862 | Crypt:3  | Identified the ring "Oshurist" {rF+ rN+ Str+4 Dex+4}
 50908 | Crypt:3  | Reached XP level 27. HP: 228/228 MP: 32/32
 51083 | Crypt:3  | Reached skill level 1 in Dodging
 51820 | Depths:2 | Voluntarily entered the Abyss.
 51853 | Abyss:3  | Found a corrupted altar of Lugonu.
 51927 | Abyss:3  | Lost mutation: Your mind is acute. (Int +4, Str/Dex -1) [a
                  | shining eye]
 52277 | Abyss:3  | Received a gift from Okawaru
 52420 | Abyss:3  | Found a transporter.
 52459 | Abyss:3  | Learned a level 8 spell: Necromutation
 52469 | Abyss:3  | Learned a level 9 spell: Death's Door
 52480 | Abyss:3  | Found a transporter.
 52491 | Abyss:3  | Got an abyssal rune of Zot
 52554 | Abyss:3  | Found a transporter.
 52686 | Abyss:3  | Received a gift from Okawaru
 52723 | Abyss:3  | Gained mutation: You are frail. (-10% HP) [a neqoxec]
 52735 | Abyss:3  | Found a corrupted altar of Lugonu.
 52899 | Depths:2 | Escaped the Abyss
 52924 | Hell     | Entered the Vestibule of Hell
 52924 | Hell     | Noticed Geryon
 52932 | Hell     | Killed Geryon
 52955 | Hell     | Reached skill level 1 in Necromancy
 52965 | Hell     | Reached skill level 10 in Spellcasting
 52969 | Hell     | Noticed Murray
 52990 | Hell     | Killed Murray
 53117 | Hell     | Found a gateway to the freezing wastes of Cocytus.
 53324 | Hell     | Found a gateway to the Iron City of Dis.
 53538 | Hell     | Found a gateway to the decaying netherworld of Tartarus.
 53620 | Hell     | Found a gateway to the ashen valley of Gehenna.
 53628 | Hell     | Reached skill level 5 in Dodging
 53801 | Zot:1    | Entered Level 1 of the Realm of Zot
 53912 | Zot:1    | Identified the +5 chain mail of Springtime {-Cast Harm
                  | *Corrode rN+++} (Okawaru gifted it to you on level 1 of the
                  | Realm of Zot)
 53912 | Zot:1    | Received a gift from Okawaru
 54020 | Zot:1    | Reached skill level 5 in Necromancy
 55536 | Zot:2    | Received a gift from Okawaru
 56059 | Zot:3    | Received a gift from Okawaru
 56839 | Zot:4    | Found a hide-covered altar of Uskayaw.
 57658 | Zot:5    | Entered Level 5 of the Realm of Zot
 57730 | Zot:5    | Identified the ring "Jecrufis" {Fire rPois rN+ rCorr
                  | Slay-6}
 57914 | Zot:5    | Received a gift from Okawaru
 58081 | Zot:5    | Reached skill level 10 in Necromancy
 58407 | Zot:5    | Noticed a Killer Klown
 58408 | Zot:5    | Noticed a Killer Klown
 58410 | Zot:5    | Noticed a dread lich
 58414 | Zot:5    | Killed a Killer Klown
 58422 | Zot:5    | Killed a Killer Klown
 58423 | Zot:5    | Noticed an orb of fire
 58426 | Zot:5    | Killed a dread lich
 58433 | Zot:5    | Killed an orb of fire
 58438 | Zot:5    | Noticed a Killer Klown
 58443 | Zot:5    | Received a gift from Okawaru
 58445 | Zot:5    | Killed a Killer Klown
 58454 | Zot:5    | Noticed a Killer Klown
 58457 | Zot:5    | Killed a Killer Klown
 58467 | Zot:5    | Identified the +0 scale mail "Tuemaj" {rElec}
 58604 | Zot:5    | Noticed an orb of fire
 58612 | Zot:5    | Noticed an orb of fire
 58612 | Zot:5    | Killed an orb of fire
 58613 | Zot:5    | Killed an orb of fire
 58645 | Zot:5    | Noticed an orb of fire
 58645 | Zot:5    | Noticed a Killer Klown
 58646 | Zot:5    | Noticed an orb of fire
 58647 | Zot:5    | Gained mutation: Your body sometimes deteriorates upon
                  | taking damage. [an orb of fire]
 58653 | Zot:5    | Killed a Killer Klown
 58653 | Zot:5    | Identified the +1 crystal plate armour of Viny Divine
                  | Compulsion {Rampage *Slow +Blink rF++} (Okawaru gifted it
                  | to you on level 5 of the Realm of Zot)
 58653 | Zot:5    | Received a gift from Okawaru
 58659 | Zot:5    | Killed an orb of fire
 58664 | Zot:5    | Killed an orb of fire
 58699 | Zot:5    | Noticed an ancient lich
 58718 | Zot:5    | Killed an ancient lich
 59165 | Geh:1    | Entered Level 1 of Gehenna
 59373 | Hell     | Lost mutation: You passively dampen the noise of your
                  | surroundings. [potion of mutation]
 59373 | Hell     | Lost mutation: You are strong-willed. (Will+) [potion of
                  | mutation]
 59373 | Hell     | Lost mutation: Your body sometimes deteriorates upon taking
                  | damage. [potion of mutation]
 59373 | Hell     | Gained mutation: Your body sometimes deteriorates upon
                  | taking damage. [potion of mutation]
 59373 | Hell     | Gained mutation: Armour fits poorly on your strangely
                  | shaped body. [potion of mutation]
 59373 | Hell     | Gained mutation: You are covered in fur. (AC +1) [potion of
                  | mutation]
 59373 | Hell     | Gained mutation: You are agile. (Dex +4, Str/Int -1)
                  | [potion of mutation]
 59374 | Hell     | Lost mutation: Your body sometimes deteriorates upon taking
                  | damage. [potion of mutation]
 59374 | Hell     | Lost mutation: You are frail. (-10% HP) [potion of
                  | mutation]
 59374 | Hell     | Gained mutation: Your body sometimes deteriorates upon
                  | taking damage. [potion of mutation]
 59374 | Hell     | Lost mutation: Armour fits poorly on your strangely shaped
                  | body. [potion of mutation]
 59374 | Hell     | Gained mutation: You are partially covered in iridescent
                  | scales. (AC +2) [potion of mutation]
 59375 | Hell     | Lost mutation: Your magical capacity is low. (-10% MP)
                  | [potion of mutation]
 59375 | Hell     | Lost mutation: Your body sometimes deteriorates upon taking
                  | damage. [potion of mutation]
 59375 | Hell     | Gained mutation: Your flesh is cold resistant. (rC+)
                  | [potion of mutation]
 59375 | Hell     | Gained mutation: You are somewhat resistant to further
                  | mutation. [potion of mutation]
 59534 | Geh:4    | Received a gift from Okawaru
 59676 | Geh:5    | Reached skill level 15 in Transmutations
 59809 | Geh:6    | Killed from afar by a Brimstone Fiend

Illustrated notes

Levels and vault maps discovered:
D:1:      giann_forest_graveyard, layout_basic
D:2:      layout_loops_corners, chequers_decorated_corner
D:3:      layout_basic, biasface_ghost_orc_armoury,
          dreamdust_ecumenical_altar_sealed_demon, cheibrodos_sewer_entry_drain
D:4:      layout_loops_ring, minmay_ruptured
D:5:      layout_gridville, nicolae_vehumet_altar_sigil,
          nemelex_spade_bored_becter, serial_undead, serial_undead_d,
          serial_undead_d, serial_undead_c, serial_undead_d,
          uniq_crazy_yiuf_cottage, uniq_menkaure, uniq_blork_the_orc
D:6:      layout_loops_corners, minmay_temple_entry_antechambers, uniq_grinder,
          uniq_eustachio
D:7:      layout_cave_pools, uniq_pikel, uniq_prince_ribbit1
D:8:      layout_gridville, general_overflow_altar,
          nicolae_concentric_dashed_squares_mild
D:9:      layout_rooms, mainiacjoe_overflow_paths, nicolae_uskayaw_suspiria,
          david_lair_generic, minmay_misc_feat_hallway, grunt_ministairs_12,
          minmay_liquid_box, grunt_ogre_cave
D:10:     layout_roguey, mainiacjoe_overflow_catwalk,
          ploomutoo_gammafunk_ghost_potion_laboratory
D:11:     layout_rooms, erik_orc_1, minivault_5, elyvilon_altar_3, uniq_fannar
D:12:     layout_basic, serial_shops, nicolae_take_the_stairs,
          okawaru_metal_pillars_1_2
D:13:     layout_roguey, erik_vaults_1, serial_shops, shop, enter_trove_5,
          uniq_erolcha
D:14:     layout_cave_pods, serial_park_tiny_pond, gammafunk_ghost_hydra_chop,
          minmay_shop_grid_forest, minmay_hollow_rounded_squares
D:15:     grunt_enter_depths_giant_problem, layout_irregular_city,
          nicolae_gozag_cash_rules_everything_around_me
Temple:   nicolae_temple_superstar
Lair:1:   layout_gridlike, serial_bayou, serial_bayou_lagoon_a,
          serial_bayou_shore_b, serial_bayou_shore_a, serial_bayou_lagoon_b,
          minmay_stone_trees_medium
Lair:2:   regret_index_harrowing_hell_hive, layout_cave_shapes,
          minmay_swamp_entry_worms, uniq_harold
Lair:3:   layout_cave_pods, dummy_snake_entry,
          grunt_forest_small_clearing_treed, infiniplex_staircase_pool
Lair:4:   layout_regular_city, slime_entry_1, grunt_megastairs_5,
          infiniplex_staircase_pool_2, serial_bayou_shore_b, uniq_urug,
          uniq_rupert
Lair:5:   grunt_lair_end_beastmaster, layout_long_grid, basic_altar,
          nzn_masters_of_martial_movement
Swamp:1:  layout_falls_marsh, evilmike_swamp_ruin_house_5
Swamp:2:  layout_basic_swamp, evilmike_swamp_ruin_house_3, uniq_mlioglotl
Swamp:3:  layout_basic_swamp, nicolae_swamp_ascending_descending_big,
          nicolae_swamp_necromancy_gone_wrong, uniq_donald
Swamp:4:  swamp_basic_johnstein, layout_basic_swamp, swamp_pool1,
          nicolae_swamp_some_circles
Snake:1:  layout_layer_cave, serial_shops, shop
Snake:2:  cheibrodos_forgotten_conduit, layout_honeycomb, serial_shops,
          shop_statue, uniq_aizul
Snake:3:  layout_onion_interference, uniq_vashnia, uniq_agnes
Snake:4:  johnstein_snake_rune_scales, layout_layer_cave, serial_shops,
          nicolae_shop_hallway_plus, nicolae_shop_crystal,
          nicolae_shop_temple_entry_statues_fountains, nicolae_shop_behind_doors
Slime:1:  layout_caves
Slime:2:  layout_caves
Slime:3:  layout_caves
Slime:4:  layout_caves
Slime:5
Orc:1:    layout_diamond_mine
Orc:2:    st_orc_rangers, layout_caves, basic_altar,
          gammafunk_ghost_wrathful_warriors, serial_shops, shop, uniq_jorgrun
Elf:1:    nicolae_elf_arrival_aired_out, layout_rooms, minivault_28,
          grunt_ministairs_6
Elf:2:    nicolae_elf_blades_splatter_lattice [nooodl_blade_entry_preview],
          layout_geoelf_grid
Elf:3:    elf_hall, layout_onion_city, amethyst_killhole
Vaults:1: vaults_standard_mumra_enter_the_diamond, dpeg_vaults_monster_row,
          v_misc_2, hangedman_vaults_nodes, hangedman_vaults_stitches,
          hangedman_vaults_capsules, vaults_mumra_lcd, vaults_dpeg_diagonal,
          layout_vaults_chaotic_city, serial_shops, nicolae_shop_hallway_plus,
          uniq_asterion
Vaults:2: ontoclasm_vaults_spin, nicolae_vaults_yaktaur_gun_rack,
          v_alt_pattern_2, v_rooms_1, vaults_standard_mumra_x,
          nicolae_vaults_shelves_hall, hangedman_vaults_restitches,
          minmay_crypt_entry_simple_walls, grunt_vaults_bifocal,
          vaults_dpeg_emergency_exit, st_spiral_rooms, layout_vaults_omnicross
Vaults:3: hangedman_vaults_stretched_pinwheel, hangedman_vaults_stream,
          v_pattern_4, nicolae_vaults_border_crossing, hangedman_vaults_snaps,
          serial_ice_h, nicolae_vaults_rhombus_7, vaults_room_hallway,
          layout_vaults_quadrants, uniq_sojobo
Vaults:4: vaults_mumra_chevron, vaults_dpeg_ring, nicolae_vaults_an_arrangement,
          vaults_room_boxed, hangedman_vaults_stagger,
          ontoclasm_vaults_loading_screen, nicolae_vaults_network_s,
          vaults_mumra_hexcomb, nicolae_vaults_arrows, v_misc_3,
          nicolae_vaults_shelves_hall, vaults_room_hallway, v_misc_24,
          layout_vaults_maze, uniq_zenata, uniq_margery
Crypt:1:  layout_gridlike, uniq_grunn
Crypt:2:  layout_misc_corridors, corner_web_ring
Crypt:3:  church_of_pain_bobbens, layout_chaotic_city, tomb_entry_simple_bobbens
Depths:1: layout_gridville, minmay_misc_feat_tiny, rand_demon_pan_entry_7,
          grunt_hell_entry_dis_old, ebering_ghost_disaster_area,
          grunt_decor_arrowhead, minmay_stone_trees_small,
          kennysheep_generic_room_8
Depths:2: dreamdust_under_siege, layout_gridville, enter_ziggurat_a, hell_entry,
          minmay_misc_feat_room, abyss_entry, pan_entry, grunt_decor_clamped,
          uniq_nikola
Depths:3: grunt_forest_end_winery, layout_gridlike, pan_entry, abyss_entry,
          hell_entry, infiniplex_staircase_river, grunt_megastairs_4
Depths:4: hangedman_spin_cycle, hell_entry, abyss_entry, serial_shops
Hell
Geh:1:    layout_gehenna_pools_triple
Geh:2:    layout_gehenna_pools_box
Geh:3:    layout_gehenna_pools_triple
Geh:4:    layout_gehenna_lava_caves
Geh:5:    layout_gehenna_pools_box
Geh:6:    layout_gehenna_lava_caves
Zot:1:    infiniplex_zot_generator, layout_twisted_circle
Zot:2:    layout_basic
Zot:3:    cheibrodos_zot_enchanting_chambers, layout_cellular_growth
Zot:4:    grunt_twist_and_shout, layout_cathedral_of_symmetry, basic_altar
Zot:5:    layout_concentric_octagons, st_stairs_4

Skill      XL: |  1  2  3  4  5  6  7  8  9 10 11 12 13 14 15 16 17 18 19 20 21 22 23 24 25 26 27 |
---------------+----------------------------------------------------------------------------------+-----
Axes           | 3 4 5 6 8 10 12 14 15 16 17 18 19 20 21 22 23 24 | 24.0
Shields        | 5 6 8 10 12 14 17 18 20 21 22 | 22.0
Fighting       | 4 5 6 7 8 10 11 12 13 14 15 16 17 18 19 20 21 22 | 22.0
Invocations    | 1 5 8 9 11 12 13 | 13.0
Throwing       | 4 6 9 11 12 13 14 15 16 17 21 | 21.2
Armour         | 6 8 9 10 11 12 13 14 15 16 17 22 | 22.0
Transmutations | 3 6 7 9 10 15 | 15.0
Translocations | 2 5 7 8 9 11 12 | 12.0
Spellcasting   | 2 4 6 7 9 12 | 12.0
Air Magic      | 3 4 5 |  5.0
Hexes          | 3 5 |  5.0
Dodging        | 9 |  9.7
Necromancy     | 13 | 13.3

Action                   |  1- 3 |  4- 6 |  7- 9 | 10-12 | 13-15 | 16-18 | 19-21 | 22-24 | 25-27 || total
-------------------------+-------+-------+-------+-------+-------+-------+-------+-------+-------++-------
Melee: War axe           |    87 |   236 |   241 |       |       |       |       |       |   708 ||  1272
       Battleaxe         |       |       |       |   377 |   557 |    20 |    20 |       |       ||   974
       Morningstar       |       |       |       |       |     5 |       |       |       |       ||     5
       Executioner's axe |       |       |       |       |   135 |  1033 |  1027 |  1145 |  1934 ||  5274
Throw: Dart              |       |       |     1 |       |     2 |     1 |     2 |     2 |       ||     8
       Throwing net      |       |       |       |       |     1 |       |     2 |       |       ||     3
       Boomerang         |       |       |       |       |     3 |     7 |   106 |    14 |   174 ||   304
       Javelin           |       |       |       |       |       |     2 |       |       |     9 ||    11
 Cast: Wereblood         |       |       |       |       |       |       |       |     1 |    21 ||    22
       Lesser Beckoning  |       |       |       |       |       |       |       |       |    32 ||    32
       Portal Projectile |       |       |       |       |       |       |       |       |     1 ||     1
       Vhi's Electric Ch |       |       |       |       |       |       |       |       |    46 ||    46
       Manifold Assault  |       |       |       |       |       |       |       |       |     4 ||     4
       Passage of Golubr |       |       |       |       |       |       |       |       |     1 ||     1
Invok: Heroism           |       |       |       |     4 |    13 |    10 |     9 |     4 |    12 ||    52
       Finesse           |       |       |       |       |     3 |     3 |     4 |     1 |     5 ||    16
       Duel              |       |       |       |       |     1 |     1 |     2 |       |     1 ||     5
 Abil: Dig               |       |       |       |     1 |     1 |       |     1 |       |     4 ||     7
Evoke: Wand              |       |       |       |       |     3 |       |       |       |       ||     3
  Use: Scroll            |       |     6 |     5 |     4 |    12 |    20 |     2 |     5 |       ||    54
       Potion            |       |     2 |     1 |     5 |     1 |     5 |     3 |       |     6 ||    23
 Stab: Invisible         |       |       |       |    24 |       |       |       |       |       ||    24
       Distracted        |       |       |       |       |     1 |     3 |     1 |       |       ||     5
Armor: Scale mail        |     8 |       |       |       |       |       |       |       |       ||     8
       Chain mail        |    46 |   134 |       |       |       |       |       |       |       ||   180
       Quicksilver drago |       |     6 |   108 |   137 |   174 |       |       |       |       ||   425
       Crystal plate arm |       |       |       |       |   165 |   790 |   923 |   409 |   811 ||  3098
Dodge: Dodged            |    41 |    91 |   106 |   168 |   201 |   168 |   190 |   108 |   405 ||  1478
Block: Buckler           |    30 |    94 |    46 |    55 |       |       |       |       |       ||   225
       Kite shield       |       |       |       |    37 |   368 |   298 |       |       |       ||   703
       Tower shield      |       |       |       |       |       |   741 |  1339 |  1181 |  2614 ||  5875
       Reflection        |       |       |       |       |       |    77 |    12 |       |     5 ||    94

Table legend: (Time is in decaauts)
 A = Elapsed time spent in this place.
 B = Non-inter-level travel time spent in this place.
 C = Inter-level travel time spent in this place.
 D = Time resting spent in this place.
 E = Time spent auto-exploring this place.
 F = Levels seen in this place.
 G = Mean time per level.
                   A        B        C        D        E       F      G
               +--------+--------+--------+--------+--------+-----+--------+
         Total |  59319 |  53624 |   5695 |   4015 |  34297 |  72 |  823.9 |
       Dungeon |  19123 |  16705 |   2418 |   2617 |  11413 |  15 | 1274.9 |
        Temple |    104 |     89 |     15 |      0 |     73 |   1 |  104.0 |
          Lair |   6099 |   5269 |    830 |      0 |   4215 |   5 | 1219.8 |
         Swamp |   3032 |   2912 |    120 |    174 |   1836 |   4 |  758.0 |
     Snake Pit |   4028 |   3844 |    184 |    169 |   2834 |   4 | 1007.0 |
    Slime Pits |    895 |    817 |     78 |     87 |    174 |   5 |  179.0 |
  Orcish Mines |   1226 |    967 |    259 |      0 |    603 |   2 |  613.0 |
   Elven Halls |   2556 |   2432 |    124 |    167 |   1347 |   3 |  852.0 |
        Vaults |   5101 |   4586 |    515 |    101 |   3325 |   4 | 1275.2 |
         Crypt |   2742 |   2584 |    158 |     68 |   1622 |   3 |  914.0 |
        Depths |   5361 |   4851 |    510 |    328 |   2868 |   4 | 1340.2 |
          Hell |    816 |    812 |      4 |      0 |    504 |   1 |  816.0 |
       Gehenna |    593 |    584 |      9 |     67 |      0 |   6 |   98.8 |
           Zot |   5110 |   4643 |    467 |     17 |   3037 |   5 | 1022.0 |
         Abyss |   1432 |   1432 |      0 |      0 |      6 |   4 |  358.0 |
         Sewer |    994 |    994 |      0 |    204 |    437 |   1 |  994.0 |
         Arena |    101 |    101 |      0 |     15 |      0 |   5 |   20.2 |
               +--------+--------+--------+--------+--------+-----+--------+

Top non-repeatable levels by time:
    D:14: 2476 daAuts
    D:13: 1726 daAuts
Depths:2: 1619 daAuts
Depths:3: 1576 daAuts
    D:11: 1513 daAuts
  Lair:1: 1488 daAuts
Vaults:2: 1470 daAuts
 Snake:4: 1455 daAuts
     D:5: 1430 daAuts
     D:6: 1377 daAuts
Vaults:1: 1341 daAuts
    D:10: 1296 daAuts
  Lair:2: 1288 daAuts
 Crypt:3: 1285 daAuts
Depths:1: 1278 daAuts
